 Dungeon Crawl Stone Soup version 0.17.1-3-g152610e (webtiles) character file.

83 Lusmu the Conjurer (level 4, -17/33 HPs)
             Began as a Demonspawn Fire Elementalist on Mar 15, 2016.
             Demolished by an orc warrior
             ... wielding a +0 long sword
              (22 damage)
             ... on level 3 of the Dungeon.
             The game lasted 00:12:41 (2819 turns).

Lusmu the Conjurer (Demonspawn Fire Elementalist)   Turns: 2819, Time: 00:12:43

Health: -17/33     AC:  4    Str:  8    XL:     4   Next: 22%
Magic:  7/7        EV: 12    Int: 16    God:
Gold:   55         SH:  0    Dex: 13    Spells: 1 memorised, 6 levels left

rFire  . . .     SeeInvis .     l - +1 dagger (speed)
rCold  . . .     Clarity  .     a - +0 robe
rNeg   . . .     SustAt   .     (no shield)
rPois  .         Gourm    .     (no helmet)
rElec  .         Spirit   .     (no cloak)
rCorr  .         Warding  .     f - +1 pair of gloves
rMut   .         Stasis   .     (no boots)
MR     .....                    (no amulet)
Stlth  +++.......               (no ring)
                                (no ring)

@: lethally poisoned (-17 -> -30), not resistant to hostile enchantments, fairly
stealthy
A: clumsy 1, nightstalker 1
a: no special abilities


You were on level 3 of the Dungeon.
You were not hungry.

You visited 1 branch of the dungeon, and saw 3 of its levels.

You collected 55 gold pieces.

Inventory:

Hand Weapons
 l - a +1 dagger of speed (weapon)
Missiles
 h - an exploding tomahawk (quivered)
Armour
 a - a +0 robe (worn)
 f - a +1 pair of gloves (worn)
Jewellery
 i - a +3 ring of dexterity {unknown}
Scrolls
 d - 3 scrolls of teleportation {unknown}
 j - 2 scrolls of identify {unknown}
 o - a scroll of remove curse
Potions
 e - 2 potions of lignification {unknown}
 k - a potion of heal wounds {unknown}
 n - a potion of agility {unknown}
 r - a potion of curing {unknown}
Books
 b - a book of Flames

   Spells                             Type                      Level
   a - Flame Tongue                   Conjuration/Fire             1
   b - Throw Flame                    Conjuration/Fire             2
   c - Conjure Flame                  Conjuration/Fire             3
   d - Inner Flame                    Hexes/Fire                   3
   e - Sticky Flame                   Conjuration/Fire             4
   f - Fireball                       Conjuration/Fire             5
Comestibles
 c - 2 bread rations
 g - 3 meat rations
 u - 3 chunks of flesh


   Skills:
 + Level 1.8 Fighting
 - Level 1.7 Dodging
 - Level 1.7 Stealth
 - Level 2.0 Spellcasting
 * Level 3.5 Conjurations
 - Level 2.6 Fire Magic


You had 6 spell levels left.
You knew the following spells:

 Your Spells              Type           Power        Failure   Level  Hunger
a - Flame Tongue          Conj/Fire      ##...        8%          1    #......


Dungeon Overview and Level Annotations

Branches:
Dungeon (3/15)

Altars:


Innate Abilities, Weirdness & Mutations

You are slightly more attuned to the shadows.
You are clumsy. (Dex -2)


Message History

As you read the scroll labeled HACWYAJ JOVUMP, it crumbles to dust.
It is a scroll of enchant armour.
Enchant which item? (? for menu, Esc to quit)
Your +0 pair of gloves glows green for a moment.
The orc barely misses you. The orc warrior closely misses you.
Read which item? (? for menu, Esc to quit)
Okay, then.
Drink which item? (? for menu, Esc to quit)
It was a potion of mutation.
You feel extremely strange.
You feel stronger.
You feel weaker.
You feel clumsy. The orc closely misses you.
Drink which item? (? for menu, Esc to quit)
It was a potion of poison.
That liquid tasted very nasty...
You are lethally poisoned!
* * * LOW HITPOINT WARNING * * *
You feel sick.
The orc warrior hits you with a long sword!!
Ouch! That really hurt!
You die...

###.###+#....
#...#.......
#.#....#...
###.#.#..#.#
#...#<.....#######
#.#.#>...........+
#.#.#.o.....######
#.###)#####§####
#.....#§o@o§...#
#..##.#§########
#.......o...#
##....##<##.........#
###........ ........
#...#..............#
#.#.)..............#
#.#.##.............#
#...# ..... .......#


You could see an orc warrior and an orc.

Vanquished Creatures
  3 adders (D:2)
  2 worms (D:2)
  3 giant geckos
  An orc (D:3)
  A giant cockroach (D:2)
  6 hobgoblins
  6 jackals (D:1)
  8 kobolds
  A quokka (D:3)
  A ball python (D:1)
  8 bats
  4 goblins
  6 rats
50 creatures vanquished.

Notes
Turn   | Place    | Note
--------------------------------------------------------------
     0 | D:1      | Lusmu the Demonspawn Fire Elementalist began the quest for the Orb.
     0 | D:1      | Reached XP level 1. HP: 13/13 MP: 3/3
   249 | D:1      | Gained mutation: You are slightly more attuned to the shadows. [demonic ancestry]
   249 | D:1      | Reached XP level 2. HP: 18/20 MP: 1/5
   328 | D:1      | Reached skill level 1 in Fighting
  1242 | D:1      | Reached XP level 3. HP: 26/26 MP: 6/6
  1408 | D:2      | Reached skill level 3 in Conjurations
  2295 | D:2      | Reached XP level 4. HP: 19/32 MP: 7/7
  2689 | D:3      | Noticed an orc warrior
  2818 | D:3      | Gained mutation: Your muscles are strong. (Str +2) [potion of mutation]
  2818 | D:3      | Lost mutation: Your muscles are strong. (Str +2) [potion of mutation]
  2818 | D:3      | Gained mutation: You are clumsy. (Dex -2) [potion of mutation]
  2819 | D:3      | Demolished by an orc warrior

Action                   |  1- 3 |  4- 6 || total
-------------------------+-------+-------++-------
Melee: Unarmed           |    33 |       ||    33
       Short sword       |    19 |       ||    19
       Dagger            |    77 |    22 ||    99
Throw: Tomahawk          |     2 |     1 ||     3
 Cast: Flame Tongue      |    24 |     2 ||    26
  Use: Scroll            |       |     4 ||     4
       Potion            |       |     2 ||     2
 Stab: Sleeping          |     7 |     2 ||     9
       Distracted        |     1 |       ||     1
  Eat: Chunk             |     3 |     2 ||     5
       Beef jerky        |       |     1 ||     1
